 Dungeon Crawl Stone Soup version 0.17-a0-896-g249456b (webtiles) character file.

248 Hanyuu the Insei (level 6, -3/38 HPs)
             Began as an Octopode Transmuter on May 1, 2015.
             Slain by an orc wizard
             ... wielding a +0 dagger
              (5 damage)
             ... on level 3 of the Dungeon.
             The game lasted 00:09:37 (2277 turns).

Hanyuu the Insei (Octopode Transmuter)              Turns: 2277, Time: 00:09:37

Health: -3/38      AC:  1    Str:  9    XL:     6   Next: 12%
Magic:  3/9        EV: 12    Int: 16    God:
Gold:   101        SH:  0    Dex: 14    Spells: 3 memorised, 3 levels left

rFire  . . .     SeeInvis .       - Unarmed
rCold  . . .     Clarity  .     (no shield)
rNeg   . . .     SustAb   .     (helmet restricted)
rPois  .         Gourm    .     (no amulet)
rElec  .         Spirit   .     (no ring)
rCorr  .         Warding  .     (no ring)
rMut   .         Stasis   .     (no ring)
MR     .....                    (no ring)
Stlth  ++........               (no ring)
                                (no ring)
                                (no ring)
                                (no ring)

@: lethally poisoned (-3 -> -4), very slightly contaminated, not resistant to
hostile enchantments, unstealthy
A: almost no armour, amphibious, 8 rings, constrict 8, camouflage 1, gelatinous
body 1
a: no special abilities


You were on level 3 of the Dungeon.
You were near starving.

You visited 1 branch of the dungeon, and saw 4 of its levels.

You collected 101 gold pieces.

Inventory:

Hand weapons
 a - a +0 hunting sling
Missiles
 h - 56 arrows
 i - 16 stones (quivered)
 k - 14 sling bullets
Magical devices
 n - a wand of slowing (25)
Scrolls
 g - 2 scrolls of remove curse
 r - a scroll of immolation {unknown}
Potions
 e - a potion of mutation {unknown}
 f - a potion of might {unknown}
 j - a potion of beneficial mutation {unknown}
 o - 2 potions of brilliance
 q - a potion of ambrosia {unknown}
Books
 b - a book of Changes

   Spells                             Type                      Level
   a - Beastly Appendage              Transmutation                1
   b - Sticks to Snakes               Transmutation                2
   c - Spider Form                    Transmutation/Poison         3
   d - Ice Form                       Ice/Transmutation            4
   e - Blade Hands                    Transmutation                5
Comestibles
 c - 4 bread rations
 l - a slice of pizza


   Skills:
 - Level 1.0 Fighting
 - Level 2.0 Dodging
 * Level 6.1 Unarmed Combat
 - Level 2.0 Spellcasting
 + Level 3.2 Transmutations


You had 3 spell levels left.
You knew the following spells:

 Your Spells              Type           Power        Failure   Level  Hunger
a - Beastly Appendage     Trmt           ##....       8%          1    #......
b - Sticks to Snakes      Trmt           ##........   10%         2    ###....
c - Spider Form           Trmt/Pois      #.........   34%         3    ###....


Dungeon Overview and Level Annotations

Branches:
Dungeon (4/15)
 Temple: D:4-7

Altars:
Cheibriados
Vehumet


Innate Abilities, Weirdness & Mutations

You cannot wear most types of armour.
You are amphibious.
You can wear up to eight rings at the same time.
You can use your tentacles to constrict eight enemies at once.
Your skin changes colour to match your surroundings (Stealth).
Your rubbery body absorbs attacks (AC +1).


Message History

* * * LOW HITPOINT WARNING * * *
You barely miss something. You tentacle-slap something.
Something hits you but does no damage.
Drink which item? (? for menu, Esc to quit)
You feel much better.
You hear some strange, mumbled words.
A puff of flame appears from out of thin air!
The puff of flame hits you!
You bludgeon something! Your squeeze misses something. You bludgeon the orc!
You kill the orc!
You feel sick. Something hits you. Something hits you.
Items here: ( ))) [ ††† You hear some strange, mumbled words.
A puff of flame appears from out of thin air!
The puff of flame hits you!
* * * LOW HITPOINT WARNING * * *
Something hits you.
You die...

##.........### ?
##........#...##. .
#................ ...
#.#.............. ..###.#.
#.#.........# ..#.. ..#....
#...........###.#.###.#.....
...#.........##.. ..#........
...#.#....#....)###.#........
.###.....(.....(@.#..........
.# #..##.<....###)#......#
####.......### ##.(....o.######
##.....#....####...............
......................#....####
.#..........###.......####....
####................>.# ...
....(.........##......# .
#............###......#


There were no monsters in sight!

Vanquished Creatures
  Ijyb (D:3)
  Jessica (D:2)
  An orc wizard (D:3)
  Robin (D:3)
  A gnoll (D:2)
  4 adders
  A shadow imp (D:3)
  2 oozes
  3 worms (D:2)
  2 giant geckos
  An orc (D:3)
  2 ball pythons
  A giant cockroach (D:2)
  16 goblins
  8 hobgoblins
  7 jackals
  3 quokkas (D:2)
  2 bats
  13 giant newts
  9 kobolds
  13 rats
92 creatures vanquished.

Notes
Turn   | Place    | Note
--------------------------------------------------------------
     0 | D:1      | Hanyuu, the Octopode Transmuter, began the quest for the Orb.
     0 | D:1      | Reached XP level 1. HP: 13/13 MP: 3/3
    63 | D:1      | Reached XP level 2. HP: 9/18 MP: 3/5
   791 | D:1      | Reached skill level 4 in Unarmed Combat
   826 | D:1      | Reached XP level 3. HP: 23/23 MP: 6/6
   830 | D:1      | Learned a level 2 spell: Sticks to Snakes
   834 | D:1      | Learned a level 3 spell: Spider Form
  1299 | D:2      | Reached XP level 4. HP: 26/28 MP: 7/7
  1301 | D:2      | Noticed Jessica
  1320 | D:2      | Killed Jessica
  1320 | D:2      | Reached skill level 5 in Unarmed Combat
  1424 | D:2      | Found a snail-covered altar of Cheibriados.
  1744 | D:2      | Reached XP level 5. HP: 29/33 MP: 8/8
  1903 | D:3      | Noticed Ijyb
  1941 | D:3      | Killed Ijyb
  1951 | D:3      | Found a radiant altar of Vehumet.
  1981 | D:3      | Noticed Robin
  1987 | D:3      | Killed Robin
  2254 | D:3      | Reached skill level 6 in Unarmed Combat
  2259 | D:3      | Reached XP level 6. HP: 14/38 MP: 1/9
  2277 | D:3      | Slain by an orc wizard

Action                   |  1- 3 |  4- 6 || total
-------------------------+-------+-------++-------
Melee: Unarmed           |    91 |   128 ||   219
 Fire: Hunting sling     |     8 |     4 ||    12
 Cast: Beastly Appendage |     1 |       ||     1
       Spider Form       |       |     6 ||     6
  Use: Scroll            |       |     4 ||     4
       Potion            |       |     3 ||     3
 Stab: Sleeping          |     7 |     1 ||     8
       Distracted        |       |     1 ||     1
  Eat: Chunk             |     1 |     3 ||     4
